Map: 大气2000-天梯版

Players

iGXY (XY)

  • Race: Terran Terran
  • League: Master

Cyan - Winner!

  • Race: Protoss Protoss
  • League: Master

Event: DreamHack SC2 Masters 2021 Winter

VOD

Have the link to the VOD?

Description

Time

  • Played on: Oct. 8, 2021, 8:26 a.m.
  • Length: 4:44

All games in this series

Show
View Real Time Build Order
Export as new Build Order

iGXY Terran 

Build Orders:  

Get SALT Encoding   

  12  0:00  SCV  
  13  0:12  SCV  
  14  0:17  Supply Depot  
  14  0:24  SCV  
  15  0:38  SCV  
  15  0:39  Barracks  
  16  0:45  Refinery  
  16  0:50  SCV  
  16  0:55  Refinery  
  17  1:02  SCV  
  18  1:15  SCV  
  19  1:26  Reaper  
  19  1:27  Orbital Command  
  20  1:37  Supply Depot  
  20  1:44  Factory  
  20  1:53  SCV  
  21  2:05  SCV  
  22  2:17  SCV  
  23  2:22  Barracks Tech Lab  
  23  2:29  SCV  
  24  2:35  Widow Mine  
  26  2:39  Command Center  
  26  2:41  SCV  
  27  2:54  SCV  
  28  3:03  Barracks Reactor, Cyclone  
  31  3:07  Supply Depot  
  31  3:13  Barracks  
  31  3:19  SCV  
  31  3:24  Supply Depot  
  30  3:31  SCV  
  30  3:38  Siege Tank  
  33  3:43  SCV  
  33  3:47  Marine x2  
  36  3:55  SCV  
  37  3:58  Barracks  
  37  4:00  Barracks Tech Lab  
  37  4:04  Marine x2  
  36  4:21  Marine  
  36  4:22  Marine  
  34  4:30  SCV  
Show
View Real Time Build Order
Export as new Build Order

Cyan Protoss - Winner!

Build Orders: 1 Gate Expand, Oracle Opening, Phoenix Opening 

Get SALT Encoding   

  12  0:00  Probe  
  13  0:12  Probe  
  14  0:16  Pylon  
  14  0:24  Probe (Chrono Boost)  
  15  0:36  Gateway, Probe (Chrono Boost)  
  16  0:44  Probe (Chrono Boost)  
  16  0:47  Assimilator  
  17  0:51  Probe  
  18  1:03  Probe  
  19  1:15  Probe  
  20  1:22  Nexus  
  20  1:32  Cybernetics Core  
  20  1:35  Probe  
  21  1:41  Assimilator  
  21  1:47  Probe  
  21  1:53  Pylon  
  22  1:59  Probe (Chrono Boost)  
  23  2:09  Adept (Chrono Boost)  
  23  2:12  Probe (Chrono Boost)  
  26  2:17  Stargate  
  26  2:20  Probe (Chrono Boost)  
  27  2:27  Warp Gate  
  26  2:32  Adept (Chrono Boost)  
  26  2:36  Probe  
  29  2:39  Probe  
  30  2:48  Probe  
  31  2:51  Probe  
  31  2:55  Adept (Chrono Boost)  
  34  3:00  Probe  
  34  3:03  Oracle (Chrono Boost)  
  39  3:05  Probe  
  39  3:12  Probe  
  39  3:17  Probe  
  40  3:24  Probe  
  43  3:30  Probe  
  44  3:36  Probe  
  44  3:41  Gateway  
  43  3:43  Gateway, Phoenix (Chrono Boost), Pylon  
  43  3:47  Probe  
  44  3:48  Probe  
  45  3:57  Pylon  
  45  3:59  Twilight Council  
  45  4:00  Probe  
  46  4:03  Shield Battery  
  46  4:04  Probe  
  45  4:13  Probe  
  45  4:16  Stalker  
  48  4:17  Probe  
  49  4:25  Probe  
  49  4:29  Probe  
  51  4:35  Assimilator  
  52  4:38  Assimilator  

Tags
 
Add a new tag
Caveats
  • Supply blocks, unpowered buildings, or Contaminate may cause inaccurate times.
  • Supply counts are checked every 10 seconds.